 Dungeon Crawl Stone Soup version 0.17-a0-1900-g45e8110 (webtiles) character file.

32 GrandHerb the Caller (level 3, 0/19 HPs)
             Began as a Tengu Summoner on Sept 24, 2015.
             Slain by an adder (1 damage)
             ... on level 2 of the Dungeon.
             The game lasted 00:06:54 (1201 turns).

GrandHerb the Caller (Tengu Summoner)               Turns: 1201, Time: 00:06:54

Health: 0/19       AC:  2    Str:  8    XL:     3   Next: 27%
Magic:  6/7        EV: 13    Int: 16    God:
Gold:   61         SH:  0    Dex: 14    Spells: 2 memorised, 2 levels left

rFire  . . .     SeeInvis .     f - +0 halberd
rCold  . . .     Clarity  .     a - +0 robe
rNeg   . . .     SustAt   .     (no shield)
rPois  .         Gourm    .     (helmet restricted)
rElec  .         Spirit   .     (no cloak)
rCorr  .         Warding  .     (no gloves)
rMut   .         Stasis   .     (boots unavailable)
MR     .....                    (no amulet)
Stlth  ++........               (no ring)
                                (no ring)

@: drained, not resistant to hostile enchantments, unstealthy
A: beak, talons 3
a: no special abilities


You were on level 2 of the Dungeon.
You were not hungry.

You visited 1 branch of the dungeon, and saw 2 of its levels.

You collected 61 gold pieces.

Inventory:

Hand weapons
 f - a +0 halberd (weapon)
 h - a +0 dagger
 k - a +0 dagger of speed
Armour
 a - a +0 robe (worn)
Scrolls
 e - a scroll of teleportation {unknown}
 g - a scroll of remove curse {unknown}
Potions
 d - a potion of heal wounds {unknown}
 j - a potion of agility {unknown}
 l - a potion of mutation {unknown}
Books
 b - a book of Callings

   Spells                             Type                      Level
   a - Summon Small Mammal            Summoning                    1
   b - Call Imp                       Summoning                    2
   c - Call Canine Familiar           Summoning                    3
   d - Summon Guardian Golem          Hexes/Summoning              3
   e - Summon Lightning Spire         Summoning/Air                4
   f - Summon Ice Beast               Ice/Summoning                4
Comestibles
 c - 2 bread rations
 i - a slice of pizza


   Skills:
 + Level 0.2(0.0) Polearms
 + Level 2.8(2.6) Dodging
 + Level 2.4(2.2) Stealth
 + Level 2.3(2.1) Spellcasting
 + Level 5.0(4.8) Summonings


You had 2 spell levels left.
You knew the following spells:

 Your Spells              Type           Power        Failure   Level  Hunger
a - Summon Small Mammal   Summ           ###.         3%          1    #......
b - Call Canine Familiar  Summ           ###.....     12%         3    ###....


Dungeon Overview and Level Annotations

Branches:
Dungeon (2/15)

Altars:


Innate Abilities, Weirdness & Mutations

You have a beak for a mouth.
You have claws for feet.


Message History

You kill the giant newt!
The adder barely misses you.
Attack whom?
Press: ? - help, Dir - move target cursor, f - adder
Aim: an adder You closely miss the adder.
Your peck misses the adder.
Your hound completely misses the adder.
The adder bites you.
* * * LOW HITPOINT WARNING * * *
Your hound barely misses the adder.
The rat bites your hound. The adder closely misses you.
Your hound bites the rat.
Your hound barely misses the rat. x2
Attack whom?
Press: ? - help, Dir - move target cursor, f/p - adder
Aim: an adder You hit the adder.
The adder is heavily wounded.
Your hound bites the rat but does no damage.
The adder misses you.
Your hound bites the rat.
The adder bites you.
You die...

.......# #...##
#.# . .......#
###..###.#.(...
.......#
#...##.#.....
.......#
##.............
.......###.
#...#.#.###....
...........
##.##....# ..
###.###....
#..#..#..##...
#.####..#
##...###S.....
###.#.....#
#.@####..#..#
.....>#
##.Sr.......#
..#.####
#...h.......
..#....#
#######.....
..).#### ....
..### .. .### .
...### .. #. ##
.....###
#.#.##.


You could see an adder, a rat and a friendly hound.

Vanquished Creatures
  An ooze (D:1)
  A worm (D:2)
  A hobgoblin (D:1)
  A quokka (D:2)
  3 bats
  3 giant newts
  A goblin (D:1)
  5 kobolds
  A rat (D:1)
17 creatures vanquished.

Vanquished Creatures (collateral kills)
  A gnoll (D:1)
  2 worms (D:2)
  A giant cockroach (D:1)
  A bat (D:1)
5 creatures vanquished.

Grand Total: 22 creatures vanquished

Notes
Turn   | Place    | Note
--------------------------------------------------------------
     0 | D:1      | GrandHerb the Tengu Summoner began the quest for the Orb.
     0 | D:1      | Reached XP level 1. HP: 10/10 MP: 4/4
   471 | D:1      | Reached XP level 2. HP: 3/15 MP: 0/6
   830 | D:1      | Reached skill level 5 in Summonings
   890 | D:2      | Reached XP level 3. HP: 5/19 MP: 3/7
  1004 | D:2      | Learned a level 3 spell: Call Canine Familiar
  1201 | D:2      | Slain by an adder

Vault maps used:
D:1:      lightli_arrival_lavapool
D:2:      minmay_overflow_temple_star_quad, kennysheep_generic_room_8

Action                   || total
-------------------------++-------
Melee: Unarmed           ||    25
       Halberd           ||    19
       Dagger            ||    22
 Cast: Summon Small Mamm ||    15
       Call Canine Famil ||     2
 Stab: Sleeping          ||     5
  Eat: Chunk             ||     1
